 Dungeon Crawl Stone Soup version 0.26-a0-1147-g3780a7a11b (webtiles) character file.

Game seed: 16334672952069860339

452 Dracia the Ducker (level 6, -1/44 HPs)
             Began as a Demonspawn Gladiator on Dec 22, 2020.
             Slain by an orc priest
             ... wielding a +0 short sword
              (2 damage)
             ... on level 4 of the Dungeon.
             The game lasted 00:05:31 (3563 turns).

Dracia the Ducker (Demonspawn Gladiator)            Turns: 3563, Time: 00:05:31

Health: -1/44      AC:  7    Str: 16      XL:     6   Next: 75%
Magic:  0/6        EV: 15    Int:  8 (9)  God:
Gold:   215        SH:  0    Dex: 17      Spells: 5/5 levels left

rFire    . . .     SeeInvis .   z - +1 lajatang
rCold    . . .     Faith    .   (shield currently unavailable)
rNeg     . . .     Spirit   +   y - +2 leather armour {rPois}
rPois    +         Reflect  .   (helmet restricted)
rElec    .         Harm     .   o - +0 cloak
rCorr    .         Rampage  .   t - +0 pair of gloves
Will     .....                  (no boots)
Stlth    +.........             (no amulet)
HPRegen  0.14/turn              (no ring)
MPRegen  0.10/turn              (no ring)

@: brilliant
A: horns 2, agile 1, deterioration 1, magic shield
a: no special abilities


You were on level 4 of the Dungeon.
You visited 1 branch of the dungeon, and saw 4 of its levels.

You collected 215 gold pieces.


Innate Abilities, Weirdness & Mutations

You have a pair of horns on your head.
When hurt, damage is shared between your health and your magic reserves.
You are agile. (Dex +2)
Your body sometimes deteriorates upon taking damage.


   Skills:
 - Level 2.0 Fighting
 - Level 2.6 Short Blades
 - Level 1.7 Throwing
 + Level 4.3 Armour
 + Level 5.3 Dodging


You had 5 spell levels left.
You didn't know any spells.
Your spell library was empty.

Inventory:

Hand Weapons
 a - a +0 rapier
 z - a +1 lajatang (weapon)
Missiles
 d - 3 throwing nets (quivered) {=f=f}
 e - 23 poisoned darts
Armour
 b - a +0 leather armour
 c - a +0 helmet
 i - a +0 chain mail
 o - a +0 cloak (worn)
 t - a +0 pair of gloves (worn)
 u - a +0 buckler
 y - a +2 leather armour of poison resistance (worn)
 A - a +2 buckler
Scrolls
 f - a scroll of teleportation {@r4@r4}
 h - a scroll of enchant armour
 j - a scroll of remove curse {@r2@r2}
 k - 6 scrolls of identify {@r1@r1}
 n - 2 scrolls of fog
 p - a scroll of magic mapping
 q - 2 scrolls of enchant weapon
Potions
 g - 3 potions of curing {@q1@q1}
 m - 2 potions of lignification {unknown}
 r - a potion of brilliance
 s - a potion of mutation
 v - a potion of might {unknown}
 w - a potion of heal wounds {unknown}

Dungeon Overview and Level Annotations

Branches:
Dungeon (4/15)
 Temple: D:4-7

Altars:
Elyvilon
Gozag
Nemelex Xobeh
Okawaru
Xom
Yredelemnul
Zin
The Shining One

#.......[..................
######.############...(.###
#>....................
######.#.#####.....###
##.#.#.# ####### # ..#.#.#
# ##.#.#.# # # #.o#.#.# #
#.#.o@...# # #####.#.o#.###
# .........#)# #
#######..#.# # .........#.#
# ######.?.#.. #...######.#
#.......o... #####.o.^.o.


You could see 2 orc priests and an orc.


Message History

You slash the orc priest!
You kill the orc priest!
Items here: )) [[ †.
An orc priest is nearby!
An orc priest is nearby!
The orc priest shouts!
You hear a shout!
The orc priest shouts!
The orc priest hits you with a +0 short sword.
You hit the orc priest but do no damage.
The orc priest invokes the aid of Beogh against you.
Beogh smites you! The orc priest misses you.
The orc priest mumbles some strange prayers to Beogh against you.
Beogh smites you!
* * * LOW HITPOINT WARNING * * *
You are too injured to fight recklessly!
You are too injured to fight recklessly!
Unknown command.
You slash the orc priest! Your headbutt misses the orc priest.
The orc priest is heavily wounded.
The orc priest invokes the aid of Beogh against you.
Beogh smites you!
* * * LOW HITPOINT WARNING * * *
Your body deteriorates!
You feel dopey.
The orc priest hits you but does no damage.
The orc hits you with a +0 flail.
* * * LOW HITPOINT WARNING * * *
It was a potion of brilliance.
You feel clever all of a sudden.
The orc priest hits you with a +0 short sword.
You die...

Skill      XL: |  1  2  3  4  5  6 |
---------------+-------------------+-----
Dodging        | 3 4 5 |  5.3
Armour         | 1 2 3 4 |  4.3
Fighting       | |  2.0
Short Blades   | |  2.6
Throwing       | |  1.7

Action                   |  1- 3 |  4- 6 || total
-------------------------+-------+-------++-------
Melee: Rapier            |   100 |    79 ||   179
       Headbutt          |    10 |    28 ||    38
       Lajatang          |       |    89 ||    89
  Use: Scroll            |       |     8 ||     8
       Potion            |       |     4 ||     4
Armor: Chain mail        |    49 |   125 ||   174
       Leather armour    |       |     3 ||     3
Dodge: Dodged            |    50 |    81 ||   131

Levels and vault maps discovered:
D:1:      minmay_arrival_loop, layout_rooms, dk_noncrumbling_4
D:2:      minmay_general_purpose_star, layout_rooms,
          grunt_temple_overflow_opulence, hex_tiny, minmay_pentomino_r4,
          uniq_natasha
D:3:      layout_loops_ring, minmay_overflow_temple_hex, mrwooster_statue_mirror
D:4:      layout_basic, minmay_misc_feat_room, minmay_ruined_shrine

Notes
Turn   | Place    | Note
-------+----------+-------------------------------------------
     0 | D:1      | Dracia the Demonspawn Gladiator began the quest for the
                  | Orb.
     0 | D:1      | Reached XP level 1. HP: 16/16 MP: 1/1
   100 | D:1      | Reached skill level 3 in Dodging
   106 | D:1      | Gained mutation: When hurt, damage is shared between your
                  | health and your magic reserves. [demonic ancestry]
   106 | D:1      | Reached XP level 2. HP: 18/22 MP: 2/2
   107 | D:1      | Reached skill level 1 in Armour
   441 | D:1      | Gained mutation: You have a pair of small horns on your
                  | head. [demonic ancestry]
   441 | D:1      | Reached XP level 3. HP: 20/27 MP: 3/3
   715 | D:2      | Noticed Natasha
   722 | D:2      | Killed Natasha
   723 | D:2      | Reached skill level 2 in Armour
   781 | D:2      | Gained mutation: You have a pair of horns on your head.
                  | [demonic ancestry]
   781 | D:2      | Reached XP level 4. HP: 26/33 MP: 2/4
  1089 | D:2      | Found an opulent altar of Gozag.
  1090 | D:2      | Found a sparkling altar of Nemelex Xobeh.
  1165 | D:2      | Noticed Natasha
  1173 | D:2      | Killed Natasha
  1174 | D:2      | Reached skill level 4 in Dodging
  1255 | D:2      | Noticed Natasha
  1264 | D:2      | Killed Natasha
  1265 | D:2      | Reached XP level 5. HP: 38/38 MP: 5/5
  1347 | D:2      | Reached skill level 3 in Armour
  2154 | D:3      | Found a glowing golden altar of the Shining One.
  2154 | D:3      | Found a white marble altar of Elyvilon.
  2154 | D:3      | Found a basalt altar of Yredelemnul.
  2154 | D:3      | Found a shimmering altar of Xom.
  2161 | D:3      | Found an iron altar of Okawaru.
  2161 | D:3      | Found a glowing silver altar of Zin.
  2911 | D:4      | Reached XP level 6. HP: 44/44 MP: 6/6
  2956 | D:4      | Reached skill level 4 in Armour
  2956 | D:4      | Reached skill level 5 in Dodging
  3098 | D:4      | HP: 1/44 [orc priest/divine providence (13)]
  3101 | D:3      | Gained mutation: Your body sometimes deteriorates upon
                  | taking damage. [potion of mutation]
  3101 | D:3      | Gained mutation: You are agile. (Dex +2) [potion of
                  | mutation]
  3562 | D:4      | HP: 1/44 [orc/+0 flail (4)]
  3563 | D:4      | Slain by an orc priest

Vanquished Creatures
  A phantom (D:4)
  A hound (D:4)
  An orc priest (D:4)
  Natasha (thrice) (D:2)
  3 worker ants
  6 adders
  An ooze (D:4)
  5 worms
  4 dart slugs
  A leopard gecko (D:2)
  An orc (D:4)
  A ball python (D:1)
  6 bats
  7 goblins
  5 hobgoblins
  7 jackals (D:1)
  8 kobolds
  2 quokkas (D:4)
  9 frilled lizards
  6 rats
78 creatures vanquished.

Table legend: (Time is in decaauts)
 A = Elapsed time spent in this place.
 B = Non-inter-level travel time spent in this place.
 C = Inter-level travel time spent in this place.
 D = Time resting spent in this place.
 E = Time spent auto-exploring this place.
 F = Levels seen in this place.
 G = Mean time per level.
                   A        B        C        D        E       F      G
               +--------+--------+--------+--------+--------+-----+--------+
         Total |   3619 |   3468 |    151 |    490 |   2353 |   4 |  904.8 |
       Dungeon |   3619 |   3468 |    151 |    490 |   2353 |   4 |  904.8 |
               +--------+--------+--------+--------+--------+-----+--------+

Top non-repeatable levels by time:
     D:4: 1023 daAuts
     D:2: 961 daAuts
     D:3: 919 daAuts
     D:1: 715 daAuts

Table legend:
 A = Non-vault XP
 B = Vault XP
 C = Vault XP percentage of total XP
 D = Non-vault monster count
 E = Vault monster count
 F = Vault count percentage of total count
                 A         B        C        D         E       F
            +---------+---------+-------+---------+---------+-------
      Total |     584 |      62 |   9.6 |      69 |       9 |  11.5
            +---------+---------+-------+---------+---------+-------
        D:1 |      57 |       0 |   0.0 |      30 |       0 |   0.0
        D:2 |      96 |      62 |  39.2 |      10 |       9 |  47.4
        D:3 |      75 |       0 |   0.0 |      15 |       0 |   0.0
        D:4 |     356 |       0 |   0.0 |      14 |       0 |   0.0
            +---------+---------+-------+---------+---------+-------
